 Dungeon Crawl Stone Soup version 0.25-a0-246-g58704a1ebd (webtiles) character file.

Game seed: 15888561713726616189, levelgen mode: deterministic

1530040 goomeo the Conqueror (level 27, 163/163 HPs)
             Began as a Felid Venom Mage on Dec 2, 2019.
             Was a Follower of Uskayaw.
             Escaped with the Orb
             ... and 3 runes on Dec 3, 2019!
             The game lasted 09:34:51 (114015 turns).

goomeo the Conqueror (Felid Venom Mage)           Turns: 114015, Time: 09:34:51

Health: 163/163    AC:  3    Str:  8    XL:     27
Magic:  38/39      EV: 42    Int: 20    God:    Uskayaw [*.....]
Gold:   7367       SH:  6    Dex: 19    Spells: 4/57 levels left
                                        Lives:  2   Deaths: 5

rFire    + + .     SeeInvis +     - Unarmed
rCold    + . .     Gourm    .   (shield unavailable)
rNeg     . . .     Faith    .   (armour unavailable)
rPois    .         Spirit   .   (helmet unavailable)
rElec    .         Reflect  .   (cloak unavailable)
rCorr    .         Harm     .   (gloves unavailable)
MR       ++++.     Rnd*Rage +   (boots unavailable)
Stlth    +++.......             S - amulet of Zyxzext {Regen+ Str+2 Int+4 Dex-5 Slay+5}
HPRegen  0.77/turn              J - ring of Shadows {Umbra +Inv Stlth+}
MPRegen  0.26/turn              Y - +5 ring of slaying

@: wreathed by umbra, quick
A: very small, no armour, no weapons or thrown items, stealth, claws 1, fangs 3,
horns 2, repulsion field 1, large bone plates 2, see invisible, berserk 1,
carnivore, dopey 1, fire resistance 2, speed 1, low mp 1, robust 1, shaggy fur
3, inhibited regeneration, slow metabolism 1, weak 1, evolution 1, no potion
heal 1, MP-powered wands, sharp paws
0: Orb of Zot
}: 3/15 runes: decaying, silver, gossamer
a: Stomp, Renounce Religion, Evoke Invisibility


You escaped.
You worshipped Uskayaw.
Uskayaw was most pleased with you.
You were not hungry.

You visited 11 branches of the dungeon, and saw 53 of its levels.
You visited the Abyss 7 times.
You also visited: Sewer, Bailey, Ice Cave, Volcano and Wizlab.

You collected 12705 gold pieces.
You spent 5338 gold pieces at shops.

Inventory:

Jewellery
 m - the ring of Ixke Zeo {Ice +Inv rN++ Str-4 Stlth+}
   (You found it on level 3 of the Realm of Zot)

   [ring of ice]

   It enhances your ice magic.
   It affects your strength (-4).
   It makes you vulnerable to fire.
   It protects you from cold.
   It greatly protects you from negative energy.
   It lets you turn invisible.
   It makes you more stealthy.
 t - an uncursed ring of protection from fire
 y - the ring of the Priest {Ice rPois Int+6}
   (You found it on level 3 of the Realm of Zot)

   [ring of ice]

   It enhances your ice magic.
   It affects your intelligence (+6).
   It makes you vulnerable to fire.
   It protects you from cold.
   It protects you from poison.
 H - an uncursed ring of protection from cold
 J - the ring of Shadows (left paw) {Umbra +Inv Stlth+}
   (You found it on level 6 of the Lair of Beasts)

   [ring of stealth]

   It lets you turn invisible.
   It makes you more stealthy.
 L - an uncursed ring of protection from magic
 N - the ring "Kiyw" {Fire rPois rN+ Str-5 Int+3}
   (You took it off a vampire on level 10 of the Dungeon)

   [ring of fire]

   It enhances your fire magic.
   It affects your strength (-5).
   It affects your intelligence (+3).
   It protects you from fire.
   It makes you vulnerable to cold.
   It protects you from poison.
   It protects you from negative energy.
 O - the amulet "Sihaidur" {Acrobat rElec rF+ rN+ SInv}
   (You acquired it on level 4 of the Spider Nest)

   [amulet of the acrobat]

   It helps you evade while moving and waiting.
   It protects you from fire.
   It insulates you from electricity.
   It protects you from negative energy.
   It lets you see invisible.
 S - the amulet of Zyxzext (around neck) {Regen+ Str+2 Int+4 Dex-5 Slay+5}
   (You acquired it on level 15 of the Dungeon)

   [amulet of regeneration]

   It affects your strength (+2).
   It affects your intelligence (+4).
   It affects your dexterity (-5).
   It affects your accuracy and damage with ranged weapons and melee attacks
   (+5).
   It increases your rate of regeneration.
 U - the ring "Wijily" {Wiz rPois Str-4 Stlth+}
   (You found it on level 2 of the Vaults)

   [ring of wizardry]

   It improves your spell success rate.
   It affects your strength (-4).
   It protects you from poison.
   It makes you more stealthy.
 W - the ring "Bisy" {rPois rN+ rCorr Dex-5 SInv}
   (You took it off a deep elf elementalist on level 3 of the Elven Halls)

   [ring of resist corrosion]

   It affects your dexterity (-5).
   It protects you from poison.
   It protects you from negative energy.
   It lets you see invisible.
   It provides partial protection from all sources of acid and corrosion.
 Y - a +5 ring of slaying (right paw)
Wands
 s - a wand of clouds (21)
 F - a wand of digging (23)
 M - a wand of paralysis (51)
 P - a wand of iceblast (18)
 Q - a wand of acid (52)
 Z - a wand of enslavement (6)
Scrolls
 c - 36 scrolls of identify
 d - 15 scrolls of immolation
 e - 31 scrolls of remove curse
 f - 21 scrolls of teleportation
 g - 6 scrolls of magic mapping
 h - 6 scrolls of silence
 i - 8 scrolls of fear
 k - 4 scrolls of amnesia
 o - 8 scrolls of blinking
 p - 4 scrolls of summoning
 q - 17 scrolls of fog
 D - a scroll of holy word
Potions
 a - 14 potions of flight
 l - 3 potions of haste
 r - 23 potions of curing
 u - 13 potions of lignification
 v - 5 potions of resistance
 w - 12 potions of brilliance
 x - 3 potions of invisibility
 z - 4 potions of magic
 A - 7 potions of ambrosia
 C - 4 potions of might
 E - 13 potions of heal wounds
 G - 2 potions of cancellation
 K - 4 potions of agility
 V - a potion of berserk rage
Miscellaneous
 j - 3 sacks of spiders
 n - a fan of gales
 B - 5 phantom mirrors
 R - a box of beasts
 T - a lamp of fire
 X - a phial of floods
Comestibles
 b - 122 rations


   Skills:
 O Level 27 Fighting
 O Level 27 Dodging
 - Level 6.8 Stealth
 - Level 24.0 Unarmed Combat
 - Level 15.5 Spellcasting
 + Level 6.7 Conjurations
 - Level 7.1 Hexes
 - Level 6.5 Charms
 - Level 10.4 Summonings
 - Level 5.0 Necromancy
 - Level 21.0 Translocations
 - Level 11.0 Transmutations
   Level 4.0 Fire Magic
 - Level 3.0 Air Magic
 - Level 10.0 Earth Magic
 - Level 7.0 Poison Magic
 * Level 19.3 Invocations
 * Level 15.6 Evocations


You had 4 spell levels left.
You knew the following spells:

 Your Spells              Type           Power        Failure   Level  Hunger
a - Malign Gateway        Summ/Tloc      ######....   5%          7    ######.
b - Disjunction           Tloc           #######...   4%          8    #######
c - Olgreb's Toxic Radia  Pois           #####...     2%          4    None
d - Blink                 Tloc           N/A          0%          2    None
e - Yara's Violent Unrav  Hex/Tmut       ######....   2%          5    ###....
f - Summon Lightning Spi  Summ/Air       #####...     2%          4    None
g - Summon Mana Viper     Hex/Summ       ######..     3%          5    ###....
j - Song of Slaying       Chrm           #####...     1%          2    None
k - Regeneration          Chrm/Necr      #####.....   1%          3    None
l - Statue Form           Tmut/Erth      ######...    8%          6    #####..
m - Passwall              Tmut/Erth      ######..     1%          2    None
n - Irradiate             Conj/Tmut      ######....   2%          5    ###....

Your spell library contained the following spells:

 Spells                   Type           Power        Failure   Level  Hunger
 Apportation              Tloc           ######       0%          1    None
 Gell's Gravitas          Tloc           #######...   0%          3    None
 Lesser Beckoning         Tloc           #######...   0%          3    None
 Teleport Other           Tloc           #######.     0%          3    None
 Animate Skeleton         Necr           N/A          1%          1    None
 Beastly Appendage        Tmut           ######       1%          1    None
 Confusing Touch          Hex            #####.       1%          1    None
 Corona                   Hex            #####..      1%          1    None
 Foxfire                  Conj/Fire      ####         1%          1    None
 Infusion                 Chrm           ####         1%          1    None
 Magic Dart               Conj           ####         1%          1    None
 Sandblast                Erth           ######       1%          1    None
 Shock                    Conj/Air       ####         1%          1    None
 Sting                    Tmut/Pois      ####         1%          1    None
 Summon Butterflies       Summ           ######..     1%          1    None
 Summon Small Mammal      Summ           ####         1%          1    None
 Call Imp                 Summ           ######..     1%          2    None
 Corpse Rot               Necr/Air       N/A          1%          2    None
 Poisonous Vapours        Pois/Air       #####.       1%          2    None
 Shroud of Golubria       Chrm/Tloc      ######       1%          2    None
 Slow                     Hex            #####...     1%          2    None
 Sticks to Snakes         Tmut           ######..     1%          2    None
 Sublimation of Blood     Necr           #####.....   1%          2    None
 Swiftness                Chrm/Air       ####....     1%          2    None
 Throw Flame              Conj/Fire      #####.       1%          2    None
 Call Canine Familiar     Summ           ######..     1%          3    None
 Confuse                  Hex            #####...     1%          3    None
 Conjure Flame            Conj/Fire      #####...     1%          3    None
 Ignite Poison            Fire/Tmut/Pois #####...     1%          3    None
 Inner Flame              Hex/Fire       #####...     1%          3    None
 Mephitic Cloud           Conj/Pois/Air  #####...     1%          3    None
 Spider Form              Tmut/Pois      ######....   1%          3    None
 Static Discharge         Conj/Air       #####...     1%          3    None
 Stone Arrow              Conj/Erth      #####.       1%          3    None
 Summon Guardian Golem    Hex/Summ       ######..     1%          3    None
 Tukima's Dance           Hex            #####...     1%          3    None
 Vampiric Draining        Necr           #####.....   1%          3    None
 Cause Fear               Hex            #####.....   1%          4    None
 Leda's Liquefaction      Hex/Erth       #####.....   1%          4    None
 Petrify                  Tmut/Erth      ######..     1%          4    None
 Ice Form                 Ice/Tmut       #####...     4%          4    None
 Sticky Flame             Conj/Fire      #####...     4%          4    None
 Summon Ice Beast         Ice/Summ       #####...     4%          4    None
 Airstrike                Air            ####......   12%         4    None
 Blade Hands              Tmut           ######....   1%          5    ###....
 Lee's Rapid Deconstruct  Erth           ######....   1%          5    ###....
 Summon Forest            Summ/Tloc      ######....   1%          5    ###....
 Alistair's Intoxication  Tmut/Pois      ######..     2%          5    ###....
 Bolt of Magma            Conj/Fire/Erth #####.....   6%          5    ###....
 Hydra Form               Tmut           ######....   6%          6    #####..
 Iskenderun's Battlesphe  Conj/Chrm      #####...     7%          5    ###....
 Fireball                 Conj/Fire      #####.....   12%         5    ###....
 Lightning Bolt           Conj/Air       #####.....   14%         5    ###....
 Silence                  Hex/Air        #####.....   14%         5    ###....
 Eringya's Noxious Bog    Tmut/Pois      ######....   14%         6    #####..
 Iron Shot                Conj/Erth      #####.....   19%         6    #####..
 Metabolic Englaciation   Hex/Ice        ####......   26%         5    ###....
 Invisibility             Hex            #####...     32%         6    #####..
 Dragon Form              Tmut           ######....   34%         7    ######.
 Summon Hydra             Summ           ######....   43%         7    ######.
 Conjure Ball Lightning   Conj/Air       #####.....   63%         6    #####..
 Deflect Missiles         Chrm/Air       ####......   63%         6    #####..
 Spellforged Servitor     Conj/Summ      #####.....   69%         7    ######.
 Haunt                    Necr/Summ      #####.....   80%         7    ######.
 Freezing Cloud           Conj/Ice/Air   ####......   85%         6    #####..
 Simulacrum               Ice/Necr       ####......   91%         6    #####..
 Orb of Destruction       Conj           #####.....   91%         7    ######.
 Ring of Flames           Chrm/Fire      #####.....   98%         7    ######.
 Ozocubu's Refrigeration  Ice            ###.......   99%         6    #####..
 Borgnjor's Revivificati  Necr           #####.....   100%        8    #######
 Death's Door             Chrm/Necr      #####.....   100%        8    #######
 Discord                  Hex            #####.....   100%        8    #######
 Infestation              Necr           #####.....   100%        8    #######
 Necromutation            Tmut/Necr      #####.....   100%        8    #######
 Dragon's Call            Summ           ######....   100%        9    #######
 Shatter                  Erth           ######....   100%        9    #######
 Tornado                  Air            ####......   100%        9    #######
 Passage of Golubria      Tloc           Unusable     N/A         4    N/A
 Portal Projectile        Hex/Tloc       Unusable     N/A         3    N/A
 Spectral Weapon          Hex/Chrm       Unusable     N/A         3    N/A

Dungeon Overview and Level Annotations

Branches:
Dungeon (15/15)            Temple (1/1) D:4            Lair (6/6) D:9
  Swamp (4/4) Lair:2       Spider (4/4) Lair:4        Slime (0/5) Lair:6
    Orc (2/2) D:11            Elf (3/3) Orc:2        Vaults (5/5) D:14
  Crypt (3/3) Vaults:3       Tomb (0/3) Crypt:3      Depths (5/5) D:15
    Zot (5/5) Depths:5      Sewer (visited)          Bailey (visited)
  IceCv (visited)         Volcano (visited)          WizLab (visited)

Altars:
Ashenzari
Cheibriados
Dithmenos
Elyvilon
Fedhas
Gozag
Hepliaklqana
Kikubaaqudgha
Makhleb
Nemelex Xobeh
Okawaru
Qazlal
Ru
Sif Muna
Trog
Uskayaw
Vehumet
Wu Jian
Xom
Yredelemnul
Zin
The Shining One
Beogh
Lugonu

Shops:
D:9 [   D:11 }%=[   D:13 *   Orc:2 ([*[   Elf:1 *   Elf:3 =   Vaults:1 }
Vaults:2 :   Vaults:3 *   Vaults:4 **   Depths:1 *

Portals:
Hell: Depths:1 Depths:2 Depths:3 Depths:4 Depths:5
Abyss: Depths:4
Pandemonium: Depths:1 Depths:3 Depths:4
Ziggurat: Depths:5

Annotations:
D:2 exclusion: downstairs
D:6 exclusion: downstairs
D:7 Prince Ribbit
D:10 exclusion: downstairs
D:13 exclusion: downstairs
Lair:1 exclusion: downstairs
Lair:2 exclusion: oklob plant
Lair:3 exclusion: 3 oklob plants
Lair:4 exclusions: downstairs and oklob plant
Lair:5 Rumetaso's ghost, journeyman DsGl; grouchysmurf's ghost, journeyman HOAK
Lair:6 Miukk's ghost, journeyman DECj; floatRand's ghost, journeyman DsGl
Spider:1 exclusion: downstairs
Elf:2 3 runed translucent doors
Vaults:2 exclusion: 2 downstairs
Zot:3 2 transporters, Wiotod Caots's ghost, veteran DrAr


Innate Abilities, Weirdness & Mutations

You cannot wear armour.
You are incapable of wielding weapons or throwing items.
Your paws allow you to move quietly. (Stealth)
You have sharp claws.
You have razor-sharp teeth.
You have supernaturally acute eyesight. (SInv)
You are carnivorous and can eat meat at any time.
You cover ground quickly.
Your thick and shaggy fur keeps you warm. (AC +3, rC+)
You have a slow metabolism.
Your sharp claws are effective at attacking unaware monsters.
You have a pair of horns on your head.
You are surrounded by a mild repulsion field. (EV +2)
You are mostly covered in large bone plates. (SH +6)
You tend to lose your temper in combat.
You are dopey. (Int -2)
Your flesh is very heat resistant. (rF++)
Your magical capacity is low. (-10% MP)
You are robust. (+10% HP)
You do not regenerate when monsters are visible.
You are weak. (Str -2)
You evolve.
Potions are less effective at restoring your health.
You expend magic power (3 MP) to strengthen your wands.


Message History

Your extra speed is starting to run out.
Evoke which item? (* to show all) (? for menu, Esc to quit)
Aiming: Dig
Press: ? - help, Shift-Dir - straight line A rock wall.
This square is wreathed by an umbra and is covered in magical glow.
You feel a surge of power!
The rock shatters into small pieces.
You feel yourself slow down.
Casting: Passwall (safe; 1% risk of failure)
Confirm with . or Enter, or press ? or * to list all spells.
Aiming: Passwall (safe; 1% risk of failure)
Press: ? - help, Dir - move target cursor A rock wall.
This square is wreathed by an umbra and is covered in magical glow.
You begin to meditate on the wall.
You continue meditating on the rock. x3
You finish merging with the rock.
Unknown command.
There is a staircase leading out of the dungeon here.
You can't go down here!
You have escaped!

.# #.........###.##).##....#.####
.###.............#...............
......####...##..#...##......###.
.#.##.# #...##......###.###.# #.
.#.##.# #...............# #.# #.
.#.##.# #..#........###.###.# #)
.#.##.# #...........# #.....# #.
.#.##.# #..#..###...# #.##### #.
.#.##.# ###.###@###.# #.....# #.
.#.##.# ###..## #.# #####.# #.
.#.##.# ###...## #.# #.# #.
.#.##.####....### #.# #.# #.
.#.#####.....##.####.# #.# #.
...###......##.......# #.# #.
##.#.......#########.# #.# ##
...#......##.......#.# #.#
##.#.....##.######.#.#######.#


There were no monsters in sight!

Vanquished Creatures
  16 ancient liches
  2 juggernauts
  4 orbs of fire
  Frederick (Vaults:4)
  Bai Suzhen (Vaults:5)
  2 Killer Klowns (Zot:5)
  Saint Roka (Elf:2)
  2 curse toes (Zot:3)
  Margery (Vaults:4)
  9 golden dragons
  Jory (Crypt:3)
  4 profane servitors
  10 bone dragons
  Rupert (D:15)
  4 electric golems
  10 liches
  3 Hell Sentinels (Abyss:1)
  5 titans
  17 tentacled monstrosities
  22 Orb Guardians (Zot:5)
  2 deep elf blademasters (Elf:3)
  A deep elf master archer (Elf:3)
  An Executioner (Abyss:1)
  7 quicksilver dragons
  An eldritch tentacle (Zot:5)
  6 ancient champions
  8 death cobs
  Gastronok (Orc:1)
  6 sphinxes
  Agnes (Spider:1)
  56 tentacled starspawn
  3 thorn hunters
  6 tengu reavers
  Donald (Spider:3)
  An azure jelly (Vaults:5)
  11 shadow dragons
  9 draconian monks
  A revenant (Crypt:3)
  2 daevas (Abyss:2)
  12 storm dragons
  6 draconian scorchers
  9 fire giants
  15 frost giants
  2 iron dragons
  9 deep elf sorcerers
  18 vault wardens
  9 draconian knights
  5 ghost moths
  3 cacodemons
  An emperor scorpion (Spider:4)
  3 draconian shifters
  An orc warlord (Orc:2)
  7 ghouls
  A draconian stormcaller (Zot:5)
  An angel (D:12)
  4 balrugs
  17 ironheart preservers
  11 deep elf elementalists
  2 curse skulls
  7 draconian annihilators
  14 stone giants
  4 reapers
  A war gargoyle (Vaults:2)
  3 entropy weavers
  16 vampire knights
  An entropy weaver (shapeshifter) (Vaults:5)
  9 green draconians
  11 black draconians
  5 spark wasps
  17 red draconians
  32 very ugly things
  10 deep elf demonologists
  9 white draconians
  A lorocyproca (Abyss:1)
  9 deep elf annihilators
  13 ettins
  10 purple draconians
  A spark wasp (shapeshifter) (Vaults:5)
  6 yellow draconians
  3 crystal guardians
  8 deep elf death magi
  8 eidola
  3 blizzard demons (Abyss:1)
  An ettin (shapeshifter) (Vaults:2)
  A mummy priest (Crypt:3)
  8 fire dragons
  3 green deaths
  A quicksilver dragon zombie (Abyss:1)
  Josephine (D:10)
  A fire dragon (shapeshifter) (Vaults:2)
  7 deep elf high priests
  20 jiangshi
  The ghost of grouchysmurf the Cleaver, a journeyman HOMo of Qazlal (D:11)
  17 ogre magi
  13 yaktaur captains
  33 vault guards
  21 hydras
  Erolcha (D:11)
  8 ice dragons
  Fannar (D:10)
  15 rakshasas
  14 great orbs of eyes
  An anaconda (shapeshifter) (Depths:3)
  2 naga warriors
  3 spriggan air magi
  A ghost crab (Swamp:2)
  2 shambling mangroves
  7 death knights
  7 centaur warriors
  55 two-headed ogres
  Erica (D:8)
  20 alligators
  12 dancing weapons
  4 catoblepae
  8 deep troll shamans
  6 tengu warriors
  6 hell hogs
  A queen ant (Lair:6)
  2 satyrs
  7 death yaks
  3 orc high priests
  Urug (Lair:4)
  A titan zombie (Crypt:1)
  8 spriggan berserkers
  8 deep troll earth magi
  5 soul eaters
  10 vampire magi
  10 sun demons
  49 thrashing horrors
  5 spriggans
  41 wretched stars
  8 shadow wraiths
  17 deep elf knights
  4 spatial maelstroms
  55 skeletal warriors
  2 fire crabs (Abyss:2)
  14 hell knights
  A storm dragon skeleton (Abyss:1)
  15 sixfirhies
  2 iron trolls
  2 ghost moth zombies
  3 anaconda zombies
  27 deep trolls
  12 flayed ghosts
  11 swamp dragons
  A sea snake (shapeshifter) (Depths:4)
  17 deep elf archers
  15 glowing orange brains
  An unseen horror (shapeshifter) (Abyss:1)
  5 unseen horrors
  2 spriggan druids
  A death drake (Abyss:4)
  3 anaconda skeletons
  A golden dragon skeleton (Abyss:2)
  A shadow dragon zombie (Crypt:3)
  23 phantasmal warriors
  9 harpies
  15 necromancers
  3 lindwurms (Swamp:4)
  4 wolf spider zombies
  8 wizards
  2 iron dragon zombies
  2 harpies (shapeshifter)
  11 orc knights
  18 orb spiders
  9 ironbrand convokers
  64 ugly things
  2 frost giant zombies
  3 manticores
  3 orc sorcerers
  27 wolf spiders
  A mana viper (Abyss:2)
  A fire giant zombie (Abyss:1)
  2 orb spiders (shapeshifter)
  51 deep elf magi
  2 stone giant zombies
  A wolf spider (shapeshifter) (Abyss:2)
  8 worldbinders
  A sphinx skeleton (Vaults:1)
  A frost giant skeleton (Abyss:1)
  2 shadow dragon skeletons
  A manticore (shapeshifter) (Abyss:1)
  A fire giant skeleton (Abyss:1)
  25 moths of wrath
  4 cyclopes
  A salamander (shapeshifter) (Depths:4)
  5 toenail golems (Volcano)
  2 guardian serpents
  2 eyes of devastation
  8 black mambas
  14 elephants
  Psyche (D:8)
  3 rust devils
  2 ice statues
  12 apocalypse crabs
  42 smoke demons
  17 vault sentinels
  A storm dragon simulacrum (Abyss:1)
  A black draconian zombie (Crypt:1)
  An orc skeleton (Vaults:1)
  19 spiny frogs
  129 large abominations
  12 orange demons
  A gargoyle (D:11)
  A catoblepas zombie (Crypt:1)
  4 centaur skeletons
  A shock serpent skeleton (Abyss:4)
  3 torpor snails
  12 demonic crawlers
  4 rime drakes
  13 komodo dragons
  An alligator snapping turtle skeleton (Crypt:3)
  2 hellions (Abyss:1)
  2 yaktaur zombies (Vaults:1)
  6 ice devils
  8 efreet
  A catoblepas skeleton (Abyss:2)
  20 hellwings
  A troll (shapeshifter) (Vaults:1)
  A tormentor (D:7)
  14 freezing wraiths
  8 guardian mummies (Crypt:3)
  33 yaktaurs
  43 jumping spiders
  6 red devils
  4 tengu conjurers
  A yaktaur (shapeshifter) (Depths:5)
  26 ancient zymes
  20 polar bears
  A hydra zombie (Crypt:1)
  13 hornets
  12 trolls
  2 minotaur skeletons
  A jumping spider (shapeshifter) (Depths:1)
  A hydra skeleton (Abyss:1)
  A wind drake (shapeshifter) (Vaults:3)
  An ettin zombie (Vaults:1)
  2 queen bees (shapeshifter)
  11 tyrant leeches
  9 bog bodies
  A slime creature (shapeshifter) (Vaults:5)
  A blink frog (shapeshifter) (D:15)
  3 ice dragon zombies
  26 blink frogs
  An iron dragon simulacrum (Crypt:1)
  76 raiju
  39 slime creatures
  A snapping turtle (shapeshifter) (D:14)
  A meliai zombie (Crypt:3)
  4 fire dragon zombies
  10 hippogriffs
  A stone giant simulacrum (Abyss:2)
  A frost giant simulacrum (Abyss:1)
  5 dream sheep
  192 starcursed masses
  A satyr skeleton (Crypt:3)
  An ettin skeleton (D:15)
  28 flying skulls
  8 shadows
  An ice dragon skeleton (Abyss:2)
  70 redbacks
  An air elemental (Elf:2)
  17 water elementals
  71 yaks
  42 wraiths
  7 wyverns
  34 ynoxinuls
  A dire elephant simulacrum (Crypt:2)
  A yak (shapeshifter) (Vaults:1)
  19 tarantellas
  5 vampires
  A fire bat (shapeshifter) (Vaults:5)
  28 chaos spawn
  A hog (shapeshifter) (Vaults:3)
  19 vampire mosquitoes
  12 fire bats
  A tyrant leech zombie (Crypt:2)
  Grum (Lair:1)
  12 golden eyes
  25 fire elementals
  A human (shapeshifter) (Vaults:1)
  5 hungry ghosts
  5 basilisks
  27 neqoxecs
  4 human simulacra
  2 yaktaur simulacra (Vaults:1)
  3 two-headed ogre zombies (WizLab)
  6 nagas
  13 swamp worms
  2 soldier ants (shapeshifter)
  6 spatial vortices (Abyss:1)
  4 acid dragons
  A deep troll zombie (Crypt:1)
  A merfolk zombie (Crypt:1)
  10 wargs
  A human skeleton (Vaults:1)
  23 insubstantial wisps
  3 spiny frog zombies (Crypt:1)
  A floating eye (shapeshifter) (Depths:3)
  2 elf skeletons (Vaults:1)
  19 soldier ants (Lair:6)
  15 swamp drakes
  A floating eye (Depths:3)
  A hydra simulacrum (Abyss:1)
  10 porcupines
  2 water moccasins (shapeshifter)
  A merfolk skeleton (Abyss:2)
  8 water moccasins
  30 hell hounds
  2 black bears (shapeshifter)
  2 spiny frog skeletons
  54 orc warriors
  An ettin simulacrum (Crypt:1)
  5 ice beasts
  An ice dragon simulacrum (Abyss:2)
  8 black bears
  An orc zombie (Vaults:1)
  3 sky beasts
  An eye of draining (shapeshifter) (Vaults:5)
  3 snapping turtle zombies
  6 eyes of draining
  2 phantoms
  5 necrophages
  35 wolves
  A swamp dragon skeleton (Crypt:2)
  47 ogres
  A centaur (shapeshifter) (Abyss:2)
  10 boggarts
  14 centaurs
  115 small abominations
  A hog zombie (Crypt:3)
  A big kobold (shapeshifter) (Vaults:5)
  5 big kobolds
  A snapping turtle skeleton (Abyss:1)
  13 crocodiles
  A salamander zombie (Crypt:1)
  12 bullfrogs
  A cyclops skeleton (Crypt:1)
  7 earth elementals
  A merfolk simulacrum (Abyss:1)
  A glowing shapeshifter simulacrum (Vaults:3)
  3 scorpions
  A snapping turtle simulacrum (Crypt:1)
  5 troll zombies (WizLab)
  A water moccasin skeleton (D:8)
  15 killer bees
  23 wights
  5 electric eels
  4 howler monkeys
  7 jellies
  3 bullfrog zombies
  10 crimson imps
  An elf simulacrum (Crypt:1)
  8 quasits
  3 centaur zombies
  4 hounds
  30 orc priests
  37 orc wizards
  A bullfrog skeleton (D:11)
  25 iron imps
  6 iguanas
  Terence (D:2)
  27 worker ants
  Ijyb (D:5)
  2 ogre zombies
  A big kobold zombie (Crypt:2)
  A felid skeleton (Crypt:3)
  2 hound skeletons
  A mummy (Crypt:3)
  A worker ant zombie (D:5)
  Robin (D:4)
  8 gnolls
  12 adders
  7 shadow imps
  A swamp drake skeleton (Crypt:2)
  29 white imps
  26 ufetubi
  4 oozes
  3 worms (D:3)
  A barachi skeleton (Crypt:1)
  10 dart slugs
  5 leopard geckos
  120 orcs
  9 giant cockroaches
  12 goblins
  10 hobgoblins
  8 jackals
  19 kobolds
  2 quokkas (D:7)
  2 ball pythons
  4 bats
  5 frilled lizards
  A goblin skeleton (Crypt:1)
  A jackal zombie (D:6)
  A kobold skeleton (Crypt:2)
  A leopard gecko zombie (D:5)
  A quokka skeleton (D:5)
  7 rats (D:3)
  A briar patch (Swamp:3)
  A crawling corpse (Vaults:5)
  7 lurking horrors
  7 plants
  50 starspawn tentacles
4058 creatures vanquished.

Vanquished Creatures (collateral kills)
  An ancient lich (Zot:5)
  A curse toe (Zot:3)
  A golden dragon (Zot:3)
  3 Orb Guardians (Zot:5)
  2 tentacled monstrosities
  A tengu reaver (Vaults:5)
  A shadow dragon (Zot:3)
  A draconian monk (Zot:2)
  A fire giant (Vaults:5)
  A frost giant (Vaults:3)
  A deep elf sorcerer (Vaults:5)
  A fire giant (shapeshifter) (Vaults:5)
  4 draconian scorchers
  A vault warden (Vaults:5)
  2 cacodemons (Zot:3)
  A draconian annihilator (Zot:1)
  A draconian shifter (Zot:4)
  A green draconian (Zot:1)
  2 yellow draconians
  A black draconian (Zot:4)
  A white draconian (Zot:2)
  3 purple draconians
  A deep elf annihilator (Elf:3)
  2 ettins (Vaults:5)
  2 jiangshi (Crypt:2)
  2 vault guards (Vaults:5)
  A death knight (Crypt:2)
  A two-headed ogre (shapeshifter) (Vaults:5)
  4 two-headed ogres
  A dancing weapon (Vaults:2)
  An ogre mage (Vaults:5)
  A tengu warrior (Depths:1)
  A thrashing horror (Abyss:4)
  A skeletal warrior (D:15)
  A sea snake (shapeshifter) (Vaults:5)
  A wizard (Depths:1)
  A swamp dragon (Swamp:4)
  A deep elf archer (Vaults:5)
  2 phantasmal warriors (Vaults:5)
  An orc knight (Vaults:5)
  An ugly thing (Depths:1)
  2 moths of wrath
  2 vault sentinels (Vaults:5)
  A large abomination (Abyss:4)
  A smoke demon (Abyss:4)
  5 yaktaurs (Vaults:5)
  A frost giant simulacrum (Crypt:1)
  A vampire (WizLab)
  A hungry ghost (D:15)
  A naga (Abyss:4)
  2 wargs
  5 black bears (Lair:6)
  2 ogres
  A small abomination (Abyss:4)
  A big kobold (shapeshifter) (Depths:1)
  2 troll zombies (WizLab)
  2 wights (WizLab)
  A deep dwarf skeleton (Crypt:2)
  An iguana zombie (Crypt:1)
  An orc skeleton (Crypt:1)
  A rat skeleton (Crypt:2)
  3 crawling corpses (Vaults:5)
95 creatures vanquished.

Vanquished Creatures (others)
  33 eldritch tentacles
  A draconian knight (Zot:2)
  A ghost moth (Zot:5)
  A fire giant (Vaults:4)
  A deep elf demonologist (Elf:1)
  A quicksilver dragon skeleton (Crypt:2)
  2 deep elf knights
  2 deep elf magi
  A large abomination (Abyss:2)
  A vault sentinel (Vaults:2)
  A freezing wraith (Abyss:2)
  2 polar bears (Lair:6)
  A shadow (Abyss:1)
  A redback (Spider:4)
  A golden eye (Abyss:1)
  A human (D:11)
  A warg (Lair:6)
  A swamp drake (Swamp:4)
  A hell hound (Lair:6)
  2 orc warriors (Orc:2)
  A wolf (IceCv)
  2 small abominations (Abyss:2)
  An orc wizard (D:13)
  A worker ant zombie (D:11)
  4 bushes (Lair:6)
  27 fungi
  6 lurking horrors
  43 plants
  91 starspawn tentacles
  4 withered plants (D:15)
236 creatures vanquished.

Grand Total: 4389 creatures vanquished

Notes
Turn   | Place    | Note
-------+----------+-------------------------------------------
     0 | D:1      | goomeo the Felid Venom Mage began the quest for the Orb.
     0 | D:1      | Reached XP level 1. HP: 7/7 MP: 4/4
   313 | D:1      | Reached XP level 2. HP: 11/11 MP: 4/6
   395 | D:1      | Reached skill level 1 in Conjurations
   399 | D:1      | Learned a level 2 spell: Poisonous Vapours
  1226 | D:2      | Found a shattered altar of Ashenzari.
  1359 | D:2      | Noticed Terence
  1377 | D:2      | Killed Terence
  1377 | D:2      | Reached XP level 3. HP: 14/14 MP: 1/7
  2294 | D:3      | Reached XP level 4. HP: 13/18 MP: 1/8
  2440 | D:3      | Found a glowing drain.
  2454 | Sewer    | Entered a sewer
  2464 | Sewer    | Reached skill level 1 in Unarmed Combat
  2691 | Sewer    | Noticed Purgy
  2707 | Sewer    | Reached skill level 1 in Air Magic
  3959 | D:3      | Reached XP level 5. HP: 21/21 MP: 5/10
  4160 | D:3      | Learned a level 4 spell: Olgreb's Toxic Radiance
  4423 | D:3      | Reached skill level 1 in Fighting
  5351 | D:4      | Gained mutation: You are covered in thick fur. (AC +2)
                  | [Felid growth]
  5351 | D:4      | Reached XP level 6. HP: 18/25 MP: 1/11
  5658 | D:4      | Gained mutation: You are partially covered in large bone
                  | plates. (SH +4) [potion of mutation]
  5658 | D:4      | Gained mutation: Your spells are a little easier to cast,
                  | but a little less powerful. [potion of mutation]
  5658 | D:4      | Gained mutation: You are clumsy. (Dex -2) [potion of
                  | mutation]
  5658 | D:4      | Gained mutation: You have a pair of small horns on your
                  | head. [potion of mutation]
  6002 | D:4      | Found a staircase to the Ecumenical Temple.
  6021 | Temple   | Entered the Ecumenical Temple
  6699 | D:4      | Noticed Robin
  6708 | D:4      | Killed Robin
  6788 | D:4      | Found an ancient bone altar of Kikubaaqudgha.
  6808 | D:4      | Reached XP level 7. HP: 14/30 MP: 1/13
  7269 | D:5      | Entered Level 5 of the Dungeon
  8128 | D:5      | Found a bloodstained altar of Trog.
  8846 | D:5      | Noticed Ijyb
  8850 | D:5      | Killed Ijyb
  8971 | D:5      | Learned a level 2 spell: Blink
  9700 | D:6      | Lost mutation: Your spells are a little easier to cast, but
                  | a little less powerful. [potion of mutation]
  9700 | D:6      | Lost mutation: You have a pair of small horns on your head.
                  | [potion of mutation]
  9700 | D:6      | Lost mutation: You are clumsy. (Dex -2) [potion of
                  | mutation]
  9700 | D:6      | Gained mutation: Your magical capacity is low. (-10% MP)
                  | [potion of mutation]
  9700 | D:6      | Gained mutation: You are surrounded by a mild repulsion
                  | field. (EV +2) [potion of mutation]
  9700 | D:6      | Gained mutation: You evolve. [potion of mutation]
  9862 | D:6      | Reached skill level 1 in Translocations
  9862 | D:6      | Reached XP level 8. HP: 34/34 MP: 2/14
 10186 | D:6      | Reached skill level 5 in Poison Magic
 10584 | D:7      | Gained mutation: You are agile. (Dex +2) [evolution]
 10677 | D:7      | Learned a level 3 spell: Conjure Flame
 10697 | D:7      | Found a white marble altar of Elyvilon.
 10809 | D:7      | Became a worshipper of Elyvilon the Healer
 10934 | D:7      | Reached skill level 5 in Spellcasting
 10945 | D:7      | Reached skill level 1 in Fire Magic
 11209 | D:7      | Noticed a hippogriff
 11234 | D:7      | Killed a hippogriff
 11619 | D:7      | Reached skill level 5 in Dodging
 11661 | D:7      | Reached XP level 9. HP: 39/39 MP: 3/16
 12033 | D:7      | Found a basalt altar of Yredelemnul.
 12147 | D:8      | Noticed Psyche
 12173 | D:8      | Killed Psyche
 12433 | D:8      | Noticed Erica
 12445 | D:8      | Noticed Prince Ribbit
 12576 | D:8      | Reached skill level 5 in Fighting
 12660 | D:8      | Reached skill level 5 in Unarmed Combat
 12759 | D:8      | Reached * piety under Elyvilon
 12807 | D:8      | Found a flagged portal.
 12815 | Bailey   | Entered a bailey
 12912 | Bailey   | Noticed a deep elf mage
 12918 | Bailey   | Killed a deep elf mage
 13000 | Bailey   | Noticed a deep elf mage
 13002 | Bailey   | Noticed a deep elf mage
 13012 | Bailey   | Killed a deep elf mage
 13012 | Bailey   | Noticed a deep elf mage
 13038 | Bailey   | Killed a deep elf mage
 13038 | Bailey   | Reached XP level 10. HP: 27/44 MP: 3/18
 13043 | Bailey   | Noticed a deep elf mage
 13048 | Bailey   | Killed a deep elf mage
 13054 | Bailey   | Noticed a deep elf mage
 13055 | Bailey   | Killed a deep elf mage
 13057 | Bailey   | Noticed a deep elf knight
 13058 | Bailey   | Killed a deep elf mage
 13059 | Bailey   | Noticed a deep elf mage
 13063 | Bailey   | Killed a deep elf knight
 13067 | Bailey   | Killed a deep elf mage
 13067 | Bailey   | Reached skill level 10 in Unarmed Combat
 13211 | Bailey   | Noticed a deep elf mage
 13212 | Bailey   | Noticed a deep elf mage
 13214 | Bailey   | Killed a deep elf mage
 13214 | Bailey   | Reached skill level 1 in Invocations
 13217 | Bailey   | Killed a deep elf mage
 13297 | Bailey   | Gained mutation: You have a pair of small horns on your
                  | head. [evolution]
 13902 | D:8      | Reached XP level 11. HP: 48/48 MP: 1/19
 13941 | D:8      | Noticed a three-headed hydra
 13947 | D:8      | Killed a three-headed hydra
 14204 | D:8      | Killed Erica
 14379 | D:8      | Found a faded altar of an unknown god.
 14379 | D:8      | Found a glowing golden altar of the Shining One.
 14384 | D:8      | Found a shimmering blue altar of Sif Muna.
 14386 | D:8      | Found a hide-covered altar of Uskayaw.
 14388 | D:8      | Found a faded altar of an unknown god.
 14706 | D:9      | Found a blossoming altar of Fedhas.
 14719 | D:9      | Found Koas's Antique Armour Shop.
 14753 | D:9      | Found a staircase to the Lair.
 14821 | D:9      | Found a radiant altar of Vehumet.
 15075 | Lair:1   | Entered Level 1 of the Lair of Beasts
 15316 | D:9      | Lost mutation: Your magical capacity is low. (-10% MP)
                  | [evolution]
 15341 | Lair:1   | Reached ** piety under Elyvilon
 15358 | Lair:1   | Noticed Grum
 15382 | Lair:1   | Killed Grum
 15559 | Lair:1   | Noticed an eight-headed hydra
 17328 | Lair:2   | Noticed an oklob plant
 17338 | Lair:2   | Reached *** piety under Elyvilon
 17740 | Lair:2   | Mangled by a swamp worm
 17741 | Lair:2   | Reached XP level 10. HP: -7/46 MP: 16/22
 18136 | Lair:2   | Noticed a four-headed hydra
 18166 | Lair:2   | Killed a four-headed hydra
 18166 | Lair:2   | Reached XP level 11. HP: 20/50 MP: 14/23
 18232 | Lair:2   | Noticed an eight-headed hydra
 18417 | Lair:2   | Found a staircase to the Swamp.
 18884 | Lair:3   | Gained mutation: You have a pair of horns on your head.
                  | [evolution]
 19813 | Lair:3   | Reached **** piety under Elyvilon
 20124 | Lair:3   | Noticed an oklob plant
 20197 | Lair:3   | Reached skill level 5 in Stealth
 20741 | Lair:3   | Noticed an oklob plant
 20744 | Lair:3   | Noticed an oklob plant
 20831 | Lair:4   | Found a frozen archway.
 21142 | IceCv    | Entered an ice cave
 21675 | IceCv    | Reached skill level 1 in Evocations
 21932 | IceCv    | Learned a level 3 spell: Mephitic Cloud
 22444 | IceCv    | Learned a level 1 spell: Magic Dart
 23280 | IceCv    | Reached skill level 5 in Conjurations
 23789 | IceCv    | Gained mutation: Your thick and shaggy fur keeps you warm.
                  | (AC +3, rC+) [Felid growth]
 23789 | IceCv    | Reached XP level 12. HP: 55/55 MP: 17/25
 24121 | IceCv    | Reached skill level 5 in Evocations
 24476 | IceCv    | Found the +9 staff of Wucad Mu {channel}
 24511 | IceCv    | Noticed a frost giant
 24768 | IceCv    | Identified the ring "Bich" {Ice MR- Int+8 Dex+3}
 25044 | IceCv    | Killed a frost giant
 26001 | Lair:4   | Found a hole to the Spider Nest.
 26215 | Lair:4   | Noticed Urug
 26472 | Lair:4   | Killed Urug
 27029 | Lair:5   | Reached XP level 13. HP: 17/59 MP: 15/27
 27356 | Lair:5   | Reached ***** piety under Elyvilon
 27744 | Lair:5   | HP: 2/59 [poisoned by a black mamba]
 27751 | Lair:5   | HP: 1/59 [poisoned by a black mamba]
 27759 | Lair:5   | HP: 1/59 [poisoned by a black mamba]
 28368 | Lair:5   | Reached skill level 10 in Spellcasting
 29351 | Lair:6   | Entered Level 6 of the Lair of Beasts
 29368 | Lair:6   | Found a staircase to the Slime Pits.
 30081 | Lair:6   | Noticed an entropy weaver
 30131 | Lair:6   | Noticed an entropy weaver
 30146 | Lair:6   | Killed an entropy weaver
 31585 | Lair:6   | Killed an entropy weaver
 32486 | Lair:6   | Learned a level 5 spell: Summon Mana Viper
 32718 | Lair:6   | Reached XP level 14. HP: 64/64 MP: 9/29
 33611 | Lair:6   | Found a runed translucent gate.
 33612 | Lair:6   | Found a runed translucent gate.
 33612 | Lair:6   | Found a runed translucent gate.
 33625 | Lair:6   | Noticed floatRand's ghost (journeyman DsGl)
 33626 | Lair:6   | Noticed grouchysmurf's ghost (journeyman HOAK)
 33626 | Lair:6   | Noticed Rumetaso's ghost (journeyman DsGl)
 33626 | Lair:6   | Noticed Miukk's ghost (journeyman DECj)
 33628 | Lair:6   | Found the ring of Shadows {Umbra +Inv Stlth+}
 34878 | Lair:6   | Reached skill level 10 in Dodging
 36300 | Lair:6   | Gained mutation: You are robust. (+10% HP) [evolution]
 37412 | Lair:6   | Reached skill level 15 in Unarmed Combat
 38042 | Lair:6   | Identified the Collected Works on Attacks
 38944 | D:10     | Entered Level 10 of the Dungeon
 38948 | D:10     | Reached skill level 1 in Hexes
 39209 | D:10     | Noticed Fannar
 39213 | D:10     | Killed Fannar
 39213 | D:10     | Reached skill level 10 in Fighting
 39270 | D:10     | Found a shattered altar of Ashenzari.
 39348 | D:10     | Identified the ring "Kiyw" {Fire rPois rN+ Str-5 Int+3}
 39421 | D:10     | Noticed Josephine
 39440 | D:10     | Killed Josephine
 39440 | D:10     | Reached skill level 1 in Summonings
 39612 | D:9      | Learned a level 3 spell: Stone Arrow
 39817 | D:10     | Reached ****** piety under Elyvilon
 40086 | D:8      | Fell from the grace of Elyvilon
 40086 | D:8      | Became a worshipper of Uskayaw the Reveler
 40345 | D:10     | Reached * piety under Uskayaw
 40353 | D:10     | Reached ** piety under Uskayaw
 40572 | D:11     | Found Legreuhi's Gadget Shoppe.
 40635 | D:11     | Noticed Erolcha
 40640 | D:11     | Killed Erolcha
 40845 | D:11     | Found Abyts's Jewellery Boutique.
 40870 | D:11     | Found Oraps's Antique Armour Emporium.
 40886 | D:11     | Noticed Sonja
 40892 | D:11     | Noticed Sonja
 40892 | D:11     | Sonja changed into Sonja the human
 40898 | D:11     | Killed Sonja the human
 40961 | D:11     | Reached *** piety under Uskayaw
 40972 | D:11     | Reached **** piety under Uskayaw
 41174 | D:11     | Found a staircase to the Orcish Mines.
 41679 | D:11     | Found a runed translucent gate.
 41679 | D:11     | Found a runed translucent gate.
 41679 | D:11     | Found a runed translucent gate.
 41679 | D:11     | Noticed grouchysmurf's ghost (journeyman HOMo)
 41809 | D:11     | Found Leidan's Food Emporium.
 42049 | D:11     | Killed grouchysmurf's ghost
 42049 | D:11     | Reached skill level 1 in Earth Magic
 42404 | D:12     | Reached XP level 15. HP: 75/75 MP: 30/30
 43203 | D:13     | Found Irisozac's Assorted Antiques.
 43493 | D:13     | Bought a square silver amulet for 145 gold pieces
 43874 | D:13     | Lost strength.
 44684 | Orc:1    | Entered Level 1 of the Orcish Mines
 44708 | Orc:1    | Reached ***** piety under Uskayaw
 44975 | Orc:1    | Noticed Gastronok
 45315 | Orc:1    | Killed Gastronok
 45447 | Orc:1    | Found a burning altar of Makhleb.
 45871 | Orc:2    | Entered Level 2 of the Orcish Mines
 46113 | Orc:2    | Found a dark tunnel.
 46121 | Volcano  | Entered a volcano
 46181 | Volcano  | Learned a level 3 spell: Confuse
 46992 | Orc:2    | Found a staircase to the Elven Halls.
 47195 | Orc:2    | Found a roughly hewn altar of Beogh.
 47411 | Orc:2    | Noticed an orc warlord
 47922 | Orc:2    | Found a roughly hewn altar of Beogh.
 47929 | Orc:2    | Found Seqeuw's General Store.
 47978 | Orc:2    | Found a roughly hewn altar of Beogh.
 48146 | Orc:2    | Found a roughly hewn altar of Beogh.
 48382 | Orc:2    | Found Heetuel's Antique Weapon Boutique.
 48383 | Orc:2    | Found a roughly hewn altar of Beogh.
 48384 | Orc:2    | Found Loukumir's Antique Armour Shop.
 48417 | Orc:2    | Found a roughly hewn altar of Beogh.
 48438 | Orc:2    | Found a roughly hewn altar of Beogh.
 48590 | Orc:2    | Killed an orc warlord
 48885 | Orc:2    | Found a roughly hewn altar of Beogh.
 48978 | Orc:2    | Found a roughly hewn altar of Beogh.
 48981 | Orc:2    | Found Ogoiz's Armour Shop.
 49058 | Orc:2    | Bought a book of Battle for 560 gold pieces
 49061 | Orc:2    | Learned a level 2 spell: Song of Slaying
 49065 | Orc:2    | Learned a level 3 spell: Regeneration
 49168 | D:11     | Bought an uncursed ring of poison resistance for 320 gold
                  | pieces
 49374 | Spider:1 | Entered Level 1 of the Spider Nest
 49375 | Spider:1 | Noticed Agnes
 49380 | Spider:1 | Killed Agnes
 49382 | Spider:1 | Blown up by an orb spider
 49383 | Spider:1 | Reached XP level 14. HP: -9/72 MP: 23/29
 49656 | Spider:1 | Reached skill level 1 in Necromancy
 49896 | Spider:1 | HP: 3/72 [poisoned by a redback]
 49903 | Spider:1 | HP: 2/72 [poisoned by a redback]
 49910 | Spider:1 | HP: 1/72 [poisoned by a redback]
 49918 | Spider:1 | HP: 1/72 [poisoned by a redback]
 50359 | Spider:1 | Reached skill level 5 in Hexes
 50370 | Spider:1 | Reached skill level 1 in Charms
 50370 | Spider:1 | Reached XP level 15. HP: 77/77 MP: 10/30
 53513 | Spider:3 | Noticed Azrael
 53666 | Spider:3 | Noticed Azrael
 53666 | Spider:3 | Azrael changed into Azrael the rakshasa
 53681 | Spider:2 | Killed Azrael the rakshasa
 53971 | Spider:3 | Noticed Donald
 54061 | Spider:3 | Noticed a ghost moth
 54072 | Spider:3 | Killed a ghost moth
 54317 | Spider:3 | Killed Donald
 54559 | Spider:4 | Entered Level 4 of the Spider Nest
 54771 | Spider:4 | Reached ****** piety under Uskayaw
 55368 | Spider:4 | Noticed a ghost moth
 55389 | Spider:4 | Killed a ghost moth
 55391 | Spider:4 | Reached XP level 16. HP: 69/81 MP: 0/31
 56085 | Spider:4 | Reached skill level 5 in Invocations
 56717 | Spider:4 | Gained mutation: You are mostly covered in large bone
                  | plates. (SH +6) [evolution]
 57118 | Spider:4 | Identified a scroll of acquirement
 57126 | Spider:4 | Got a scorched pewter amulet
 57127 | Spider:4 | Identified the amulet "Sihaidur" {Acrobat rElec rF+ rN+
                  | SInv} (You acquired it on level 4 of the Spider Nest)
 57476 | Spider:4 | Got a gossamer rune of Zot
 58376 | D:14     | HP: 2/81 [slime creature (19)]
 58781 | D:13     | Reached skill level 5 in Summonings
 59399 | D:14     | Found a gate to the Vaults.
 60684 | D:14     | Found a shadowy altar of Dithmenos.
 60769 | D:15     | Entered Level 15 of the Dungeon
 61467 | D:15     | Noticed Rupert
 61480 | D:15     | Mangled by Rupert
 61481 | D:15     | Reached XP level 15. HP: -11/77 MP: 7/30
 61809 | D:15     | Paralysed by Rupert for 3 turns
 61816 | D:15     | Paralysed by Rupert for 4 turns
 61824 | D:15     | Killed Rupert
 62185 | D:15     | Found a staircase to the Depths.
 63070 | D:15     | Reached skill level 5 in Charms
 63180 | D:15     | Got a heavily runed copper amulet
 63181 | D:15     | Identified the amulet of Zyxzext {Regen+ Str+2 Int+4 Dex-5
                  | Slay+5} (You acquired it on level 15 of the Dungeon)
 63356 | D:15     | Reached XP level 16. HP: 82/82 MP: 31/31
 63582 | D:15     | Gained mutation: Your flesh is heat resistant. (rF+)
                  | [evolution]
 63612 | Vaults:1 | Entered Level 1 of the Vaults
 64569 | Vaults:1 | Identified the +5 longbow of Coiqame {velocity, Dex+4}
 64571 | Vaults:1 | Identified the +1 dagger of Lelawont {venom, Str+3 Int+4}
 64672 | Vaults:1 | Found Xoshrunt's Gadget Emporium.
 66197 | Vaults:1 | Bought a box of beasts for 420 gold pieces
 66288 | Vaults:2 | Reached skill level 10 in Evocations
 66589 | Vaults:1 | Reached XP level 17. HP: 85/85 MP: 1/32
 67273 | Vaults:2 | Reached skill level 5 in Necromancy
 68304 | Vaults:2 | Got a scintillating lapis lazuli ring
 68320 | Vaults:2 | Found Icwaunusch's Book Emporium.
 68328 | Vaults:2 | Bought a book of the Earth for 1105 gold pieces
 68337 | Vaults:2 | Learned a level 6 spell: Statue Form
 68396 | Vaults:2 | Reached skill level 15 in Dodging
 68732 | Vaults:2 | Reached skill level 1 in Transmutations
 69033 | Vaults:2 | Reached skill level 5 in Earth Magic
 69454 | Vaults:1 | Identified the ring "Wijily" {Wiz rPois Str-4 Stlth+} (You
                  | found it on level 2 of the Vaults)
 69552 | Vaults:1 | Lost mutation: You have a pair of horns on your head.
                  | [evolution]
 70089 | Vaults:1 | Found Xoshrunt's Gadget Emporium.
 70987 | Vaults:2 | Shot with a bolt by a yaktaur captain
 70988 | Vaults:2 | Reached XP level 16. HP: -2/83 MP: 24/31
 71019 | Vaults:2 | Reached XP level 17. HP: 86/86 MP: 32/32
 71362 | Vaults:2 | Slain by a war gargoyle
 71363 | Vaults:2 | Reached XP level 16. HP: -3/83 MP: 6/31
 72353 | Vaults:3 | Found Obuovi's Assorted Antiques.
 72361 | Vaults:3 | Bought a green potion for 36 gold pieces
 72363 | Vaults:3 | Reached skill level 5 in Transmutations
 72363 | Vaults:3 | Reached XP level 17. HP: 89/89 MP: 27/32
 75302 | Vaults:3 | Found a staircase to the Crypt.
 75650 | Vaults:4 | Found Gozag's Assorted Antiques.
 75651 | Vaults:4 | Found Gozag's Assorted Antiques.
 75741 | Vaults:4 | Found an opulent altar of Gozag.
 75741 | Vaults:4 | Found Gozag's Assorted Antiques.
 75768 | Vaults:4 | Reached XP level 18. HP: 37/93 MP: 33/33
 76698 | Vaults:4 | Noticed Margery
 76723 | Vaults:4 | Killed Margery
 77117 | Vaults:4 | Lost mutation: You are agile. (Dex +2) [evolution]
 77464 | Vaults:4 | Noticed Frederick
 77526 | Vaults:4 | Killed Frederick
 78261 | Swamp:1  | Entered Level 1 of the Swamp
 78438 | Swamp:1  | You fall into a shaft and drop 1 floor!
 79837 | Swamp:3  | Reached XP level 19. HP: 100/100 MP: 33/36
 80425 | Swamp:4  | Entered Level 4 of the Swamp
 80983 | Swamp:4  | Reached skill level 10 in Earth Magic
 81135 | Swamp:4  | Got a decaying rune of Zot
 81676 | Elf:1    | Entered Level 1 of the Elven Halls
 82044 | Elf:1    | Found Apoank's General Store.
 82286 | Elf:1    | Bought a scroll of magic mapping for 42 gold pieces
 82658 | Elf:2    | Noticed Saint Roka
 82677 | Elf:2    | Killed Saint Roka
 82864 | Elf:2    | Found a runed translucent gate.
 82864 | Elf:2    | Found a runed translucent gate.
 82869 | Elf:2    | Found a runed translucent gate.
 82965 | Elf:2    | Identified the +7 battleaxe of the Boiling Point {flame,
                  | *Contam rElec Dex+6}
 82993 | Elf:2    | Learned a level 4 spell: Summon Lightning Spire
 83100 | Elf:3    | Entered Level 3 of the Elven Halls
 83683 | Elf:3    | Found a radiant altar of Vehumet.
 83850 | Elf:3    | Found Qesip's Jewellery Shoppe.
 83854 | Elf:3    | Gained mutation: You are very robust. (+20% HP) [evolution]
 83972 | Elf:3    | Reached skill level 10 in Invocations
 84034 | Elf:3    | Reached XP level 20. HP: 115/115 MP: 26/37
 84473 | Elf:3    | Identified the +9 quarterstaff "Widowmaker" {freeze, MR-
                  | MP+9 Dex+2}
 85005 | Elf:3    | Identified the ring "Bisy" {rPois rN+ rCorr Dex-5 SInv}
 85185 | Elf:3    | Identified Sif Muna's Disquisition on Displaced Malediction
 85190 | Elf:3    | Found the +8 storm bow {elec, penet}
 85223 | Elf:3    | Identified the +2 buckler of Olekiat {*Drain +Blink +Inv}
 85232 | Elf:3    | Upgraded the game from 0.25-a0-201-g0bb11aece9 to
                  | 0.25-a0-246-g58704a1ebd
 85699 | Crypt:1  | Entered Level 1 of the Crypt
 85788 | Crypt:1  | Reached skill level 15 in Fighting
 85854 | Crypt:1  | Reached skill level 10 in Transmutations
 86995 | Crypt:2  | Reached XP level 21. HP: 120/120 MP: 27/39
 87392 | Crypt:3  | Entered Level 3 of the Crypt
 87609 | Crypt:3  | Found a staircase to the Tomb.
 87812 | Crypt:3  | Noticed an ancient lich
 87815 | Crypt:3  | Killed an ancient lich
 88034 | Crypt:3  | Found a basalt altar of Yredelemnul.
 88169 | Crypt:3  | Identified the +6 shortbow of Discord {speed, +Blink Str-3
                  | Dex+7}
 88172 | Crypt:3  | Noticed Jory
 88196 | Crypt:3  | Killed Jory
 88891 | Depths:1 | Entered Level 1 of the Depths
 88908 | Depths:1 | Reached XP level 22. HP: 127/127 MP: 32/40
 89081 | Depths:1 | Found a one-way gate leading to the halls of Pandemonium.
 89088 | Depths:1 | Found Guapn's Assorted Antiques.
 89146 | Depths:1 | Bought a scratched bronze ring for 180 gold pieces
 89146 | Depths:1 | Bought a scroll labeled TOCEIKHL BATE for 36 gold pieces
 89146 | Depths:1 | Bought a potion of might for 144 gold pieces
 89232 | Depths:1 | You fall into a shaft and drop 1 floor!
 89257 | Depths:2 | Learned a level 2 spell: Passwall
 89263 | Depths:2 | Learned a level 5 spell: Irradiate
 89276 | Depths:2 | Reached skill level 5 in Translocations
 89334 | Depths:2 | Found a gateway to Hell.
 89385 | Depths:2 | Found a magical portal.
 89671 | WizLab   | Noticed an antique lich
 89682 | WizLab   | Killed an antique lich
 89694 | WizLab   | Found the +9 sword of Zonguldrok {reap}
 90582 | Depths:1 | Found a runed translucent door.
 91068 | Depths:3 | Learned a level 7 spell: Malign Gateway
 91257 | Depths:3 | Noticed a golden dragon
 91260 | Depths:3 | Killed a golden dragon
 91339 | Depths:3 | Paralysed by a floating eye for 4 turns
 91372 | Depths:3 | Reached skill level 10 in Translocations
 91401 | Depths:3 | Reached XP level 23. HP: 133/133 MP: 38/42
 92544 | Depths:4 | Found a corrupted altar of Lugonu.
 92544 | Depths:4 | Found a one-way gate to the infinite horrors of the Abyss.
 92830 | Depths:4 | Noticed a juggernaut
 92843 | Depths:4 | Killed a juggernaut
 93362 | Vaults:3 | Bought a wand of clouds (6) for 492 gold pieces
 93555 | D:11     | Bought a box of beasts for 340 gold pieces
 93555 | D:11     | Bought a phantom mirror for 510 gold pieces
 93763 | Depths:5 | Entered Level 5 of the Depths
 93772 | Depths:5 | Found a gateway to a ziggurat.
 93851 | Depths:5 | Noticed a juggernaut
 93862 | Depths:5 | Killed a juggernaut
 93979 | Depths:5 | Reached skill level 15 in Spellcasting
 94342 | Depths:5 | Found a gate to the Realm of Zot.
 95143 | Vaults:5 | Entered Level 5 of the Vaults
 95149 | Vaults:5 | Reached XP level 24. HP: 140/140 MP: 30/43
 95154 | Vaults:5 | Reached skill level 10 in Summonings
 95450 | Vaults:5 | Reached skill level 15 in Translocations
 95686 | Vaults:5 | Identified the cursed +1 lajatang "Fuikesat" {holy, rPois}
 95723 | Vaults:5 | Identified the Guide on Torrid Feathers
 96208 | Vaults:5 | Identified the +9 broad axe of Logh {drain, +Fly rC+}
 96322 | Vaults:5 | Noticed Bai Suzhen
 96327 | Vaults:5 | Killed Bai Suzhen
 96513 | Vaults:5 | Got a silver rune of Zot
 96515 | Vaults:5 | Identified Sif Muna's Collected Works on the Ghastly
                  | Compass
 96687 | Vaults:5 | Learned a level 8 spell: Disjunction
 96876 | Vaults:5 | Found the +6 lightning scales {run, rElec}
 97301 | Depths:4 | Voluntarily entered the Abyss.
 97417 | Abyss:1  | Found a corrupted altar of Lugonu.
 97487 | Abyss:1  | Reached XP level 25. HP: 151/151 MP: 42/43
 98632 | Abyss:2  | Found a shimmering blue altar of Sif Muna.
 98872 | Abyss:3  | Found a corrupted altar of Lugonu.
 98880 | Abyss:3  | Learned a level 5 spell: Yara's Violent Unravelling
 98975 | Abyss:3  | Found a sparkling altar of Nemelex Xobeh.
 98977 | Abyss:3  | Gained mutation: Your mind is acute. (Int +2) [evolution]
 98997 | Abyss:3  | Paralysed by accursed screaming for 2 turns
 99236 | Abyss:4  | Found a corrupted altar of Lugonu.
 99374 | Abyss:4  | Noticed an ancient lich
 99378 | Abyss:4  | Killed an ancient lich
 99450 | Depths:4 | Escaped the Abyss
 99497 | Depths:4 | Voluntarily entered the Abyss.
100041 | Abyss:1  | Reached XP level 26. HP: 162/162 MP: 42/43
100262 | Abyss:1  | Gained mutation: You have a pair of horns on your head. [a
                  | neqoxec]
100338 | Depths:4 | Escaped the Abyss
100340 | Depths:4 | Voluntarily entered the Abyss.
100800 | Abyss:1  | Paralysed by you for 7 turns
101247 | Depths:4 | Escaped the Abyss
101249 | Depths:4 | Voluntarily entered the Abyss.
101257 | Abyss:1  | Found a corrupted altar of Lugonu.
101325 | Abyss:1  | Found a corrupted altar of Lugonu.
101662 | Abyss:1  | Paralysed by you for 4 turns
101687 | Depths:4 | Escaped the Abyss
101704 | Depths:4 | Voluntarily entered the Abyss.
102086 | Depths:4 | Escaped the Abyss
102088 | Depths:4 | Voluntarily entered the Abyss.
102098 | Abyss:1  | Found a stormy altar of Qazlal.
102122 | Abyss:1  | Found a corrupted altar of Lugonu.
103066 | Abyss:1  | Reached XP level 27. HP: 172/172 MP: 35/43
103148 | Abyss:1  | Paralysed by accursed screaming for 1 turns
103447 | Abyss:1  | Gained mutation: Your flesh is very heat resistant. (rF++)
                  | [evolution]
103463 | Abyss:1  | Gained mutation: Your mind is very acute. (Int +4) [a
                  | neqoxec]
103999 | Abyss:1  | Found a blossoming altar of Fedhas.
104068 | Abyss:1  | Found a corrupted altar of Lugonu.
104136 | Depths:4 | Escaped the Abyss
104162 | Depths:4 | Voluntarily entered the Abyss.
104786 | Abyss:1  | Found an ancient bone altar of Kikubaaqudgha.
105317 | Abyss:2  | Lost mutation: Your mind is very acute. (Int +4) [a
                  | neqoxec]
105482 | Abyss:2  | Paralysed by accursed screaming for 1 turns
105678 | Abyss:2  | Gained mutation: You have an uncontrollable temper. [a
                  | neqoxec]
106178 | Abyss:2  | Found a corrupted altar of Lugonu.
106261 | Abyss:2  | Lost mutation: Your mind is acute. (Int +2) [a neqoxec]
106424 | Abyss:2  | Reached skill level 27 in Fighting
106664 | Abyss:2  | Reached skill level 15 in Invocations
107196 | Abyss:2  | Gained mutation: You expend magic power (3 MP) to
                  | strengthen your wands. [evolution]
107630 | Abyss:2  | Gained mutation: You do not regenerate when monsters are
                  | visible. [a neqoxec]
107675 | Depths:4 | Escaped the Abyss
107843 | Vaults:1 | Bought a phantom mirror for 630 gold pieces
107843 | Vaults:1 | Bought a wand of digging (5) for 378 gold pieces
108048 | Zot:1    | Entered Level 1 of the Realm of Zot
108057 | Zot:1    | You fall into a shaft and drop 1 floor!
108197 | Zot:1    | Noticed an orb of fire
108201 | Zot:1    | Killed an orb of fire
109264 | Zot:2    | Noticed an orb of fire
109280 | Zot:2    | Killed an orb of fire
110254 | Zot:3    | Found a transporter.
110639 | Zot:3    | Identified the +4 battleaxe "Teitwaenwi" {pain, rElec rPois
                  | Str-5 Stlth+}
110793 | Zot:3    | Found a transporter.
110858 | Zot:3    | Found a transporter.
110875 | Zot:3    | Found a transporter.
110879 | Zot:3    | Noticed Wiotod Caots's ghost (veteran DrAr)
111203 | Zot:3    | Noticed an ancient lich
111205 | Zot:3    | Noticed an ancient lich
111216 | Zot:3    | Killed an ancient lich
111217 | Zot:3    | Noticed an ancient lich
111218 | Zot:3    | Killed an ancient lich
111232 | Zot:3    | Gained mutation: Potions are less effective at restoring
                  | your health. [a cacodemon]
111239 | Zot:3    | Killed an ancient lich
111288 | Zot:3    | Gained mutation: You are dopey. (Int -2) [a cacodemon]
111443 | Zot:3    | Got a smoking bronze ring
111448 | Zot:3    | Identified the ring of the Priest {Ice rPois Int+6} (You
                  | found it on level 3 of the Realm of Zot)
111474 | Zot:3    | Got a flickering jade ring
111475 | Zot:3    | Identified the ring of Ixke Zeo {Ice +Inv rN++ Str-4
                  | Stlth+} (You found it on level 3 of the Realm of Zot)
112064 | Zot:5    | Entered Level 5 of the Realm of Zot
112820 | Zot:5    | Noticed an ancient lich
112828 | Zot:5    | Killed an ancient lich
112895 | Zot:5    | Noticed an ancient lich
113294 | Zot:5    | Noticed an ancient lich
113301 | Zot:5    | Killed an ancient lich
113301 | Zot:5    | Noticed an orb of fire
113312 | Zot:5    | Killed an orb of fire
113316 | Zot:5    | Noticed an ancient lich
113320 | Zot:5    | Reached skill level 27 in Dodging
113321 | Zot:5    | Noticed an ancient lich
113326 | Zot:5    | Killed an ancient lich
113327 | Zot:5    | Noticed an ancient lich
113329 | Zot:5    | Killed an ancient lich
113330 | Zot:5    | Noticed an ancient lich
113331 | Zot:5    | Killed an ancient lich
113333 | Zot:5    | Killed an ancient lich
113337 | Zot:5    | Killed an ancient lich
113429 | Zot:5    | Noticed an orb of fire
113430 | Zot:5    | Gained mutation: You are weak. (Str -2) [an orb of fire]
113431 | Zot:5    | Noticed an ancient lich
113435 | Zot:5    | Killed an orb of fire
113435 | Zot:5    | Killed an ancient lich
113436 | Zot:5    | Noticed an ancient lich
113440 | Zot:5    | Noticed an ancient lich
113446 | Zot:5    | Killed an ancient lich
113446 | Zot:5    | Reached skill level 15 in Evocations
113450 | Zot:5    | Killed an ancient lich
113464 | Zot:5    | Noticed an ancient lich
113470 | Zot:5    | Killed an ancient lich
113472 | Zot:5    | Noticed an orb of fire
113486 | Zot:5    | Gained mutation: Your magical capacity is low. (-10% MP)
                  | [an orb of fire]
113490 | Zot:5    | Lost mutation: You are very robust. (+20% HP) [an orb of
                  | fire]
113536 | Zot:5    | Got the Orb of Zot
114015 | D:$      | Escaped with the Orb!

Levels and vault maps discovered:
D:1:      minmay_arrival_pointy, layout_loops_ring, minmay_misc_feat_iff
D:2:      layout_basic, evilmike_ruin_ashenzari, uniq_terence
D:3:      kennysheep_slugbush, layout_basic, gup_sewer_entry_spiral
D:4:      layout_loops_cross, old_standard_altar,
          minmay_temple_entry_stoned_glass, first_ration, uniq_robin
D:5:      layout_basic, lemuel_crystal_altar, minmay_misc_feat_secret_circle,
          uniq_ijyb
D:6:      layout_basic
D:7:      layout_gridville, kennysheep_ying_yang
D:8:      layout_cave_pools, chequers_temple_overflow_minitemple,
          enter_bailey_2, hangedman_ranch [blue_anna_fruit_fields],
          uniq_prince_ribbit1, uniq_psyche, uniq_erica
D:9:      layout_roguey, fedhas_altar_2, kennysheep_mini, david_lair_shrubbed,
          serial_shops, shop
D:10:     layout_roguey, basic_altar, uniq_fannar, uniq_josephine
D:11:     layout_cave_pools, david_orc_1_choice, serial_shops, shop, shop,
          nicolae_shop_statue_plus, nicolae_shop_behind_doors,
          gammafunk_ghost_spectres, uniq_erolcha, uniq_sonja
D:12:     layout_loops_ring
D:13:     layout_cave_pools, serial_shops, shop
D:14:     layout_big_octagon, erik_vaults_1, grunt_decor_resistance,
          nicolae_dithmenos_through_a_glass_darkly
D:15:     gammafunk_depths_entry_grave, layout_loops_corners,
          serial_park_square1 [serial_park_minivault_5x5_1], uniq_rupert
Temple:   nicolae_temple_figure_eight
Lair:1:   layout_chaotic_city, st_stairs_11, chequers_serial_rivers_small_3,
          uniq_grum
Lair:2:   layout_loops_ring, palyth_hydra_swamp_entry, grunt_megastairs_1,
          infiniplex_staircase_pool_2
Lair:3:   layout_chaotic_city, minivault_25, minmay_lair_oklob_chamber
Lair:4:   layout_big_grid, spider_nest_entry_webs,
          portal_ice_cave_entry_pillars_1, uniq_urug
Lair:5:   layout_gridlike, serial_forest, infiniplex_forest_clump_C,
          infiniplex_forest_corner_1, infiniplex_forest_lined_room_,
          infiniplex_forest_end_2, infiniplex_forest_lined_1,
          infiniplex_forest_lined_3, bobbens_ice_dragon_lair, lemuel_fruit_tree,
          serial_bayou_shore_b, infiniplex_staircase_pool
Lair:6:   hangedman_lair_caniforms_friends, layout_regular_city,
          hangedman_lair_in_review, slime_dummy, gammafunk_ghost_cemetery,
          zaba_anthell
Swamp:1:  layout_falls_marsh, evilmike_swamp_ruin_house_4
Swamp:2:  layout_basic_swamp, evilmike_swamp_ruin_house_5, swamp_pool1
Swamp:3:  layout_basic_swamp, serial_swamp_ruin, evilmike_swamp_ruin_house_2,
          evilmike_swamp_ruin_wall
Swamp:4:  swamp_alternative, layout_basic_swamp, swamp_pool1,
          statue_in_the_mist_lemuel
Spider:1: layout_spider_delve, uniq_agnes
Spider:2: layout_spider_delve, nicolae_crawler_farm
Spider:3: layout_spider_delve, uniq_donald, uniq_azrael
Spider:4: grunt_spider_rune_parallel
Orc:1:    layout_caves, basic_altar, uniq_gastronok
Orc:2:    grunt_orc_community_town_hall, layout_diamond_mine,
          grunt_orc_community_big_house_1, grunt_orc_community_big_house_2,
          grunt_orc_community_house_2, grunt_orc_community_house_1,
          grunt_orc_community_house_2, grunt_orc_community_house_3,
          grunt_orc_community_house_2, nicolae_volcano_entry_hallway,
          bh_open_orc_temple
Elf:1:    layout_loops_corners, serial_shops, nicolae_shop_waterfront,
          minmay_misc_feat_five, lemuel_flamethrower_2
Elf:2:    layout_gridlike, kilobyte_mutagenic_chamber, uniq_saint_roka,
          uniq_nikola
Elf:3:    minmay_elf_hall_not_hex, layout_geoelf_castle, serial_shops,
          nicolae_shop_behind_doors, basic_altar
Vaults:1: v_misc_32, vaults_room_pool, nicolae_vaults_puzzle_piece,
          nicolae_vaults_ninety_degrees, nicolae_vaults_mini_display_case,
          v_pattern_5, vaults_standard_mumra_lines, v_misc_8,
          layout_vaults_omnibox, serial_shops, nicolae_shop_crystal
Vaults:2: v_misc_9, nicolae_vaults_little_squares_6, st_greater_box_1,
          v_alt_pattern_1, nicolae_vaults_back_hallway, v_misc_18, v_misc_27,
          v_misc_30, nicolae_vaults_circle_grid_b, nicolae_vaults_shelves_hall,
          ontoclasm_vaults_chip, layout_vaults_chaotic_city, serial_shops,
          nicolae_shop_waterfront
Vaults:3: vaults_room_octagon, nicolae_vaults_big_ls,
          hangedman_vaults_stretched_pinwheel, minmay_crypt_entry_simple_sparse,
          vaults_dpeg_encased_lava, hangedman_vaults_unwind, v_misc_19,
          vaults_mumra_hexcomb, nicolae_vaults_asterisk, vaults_room_pool,
          layout_vaults_quadrants, serial_shops, shop
Vaults:4: v_rooms_3, ontoclasm_vaults_chip, vaults_room_octagon, v_misc_1,
          v_misc_10, v_alt_pattern_3, vaults_dpeg_hooks,
          kennysheep_vaults_gozag_temple, vaults_room_stairs_pillars,
          nicolae_vaults_theta, layout_vaults_omnicross, uniq_margery,
          uniq_frederick
Vaults:5: uniq_bai_suzhen
Crypt:1:  layout_chaotic_city, tombwall_bobbens
Crypt:2:  layout_misc_corridors
Crypt:3:  church_of_pain_bobbens, layout_chaotic_city,
          tomb_entry_sphere_bobbens, grunt_ministairs_14
Depths:1: layout_gridville, lightli_too_deep, pan_entry, minmay_fountain_box,
          serial_shops, nicolae_shop_waterfront, minmay_hidden_floor
Depths:2: kennysheep_six_static_rooms, layout_cave_pools, nrook_mini_vaults,
          serial_column_ruins, column_ruins_corridor_straight,
          column_ruins_open_medium, column_ruins_open_tiny,
          column_ruins_columns_straight, column_ruins_open_tiny,
          column_ruins_grid_2, infiniplex_enter_wizlab_water,
          pf_hell_entry_tar_spiral
Depths:3: minmay_three_patterns, layout_cave_shapes,
          pf_vacation_house_of_asmodeus, minmay_misc_feat_square,
          rand_demon_pan_entry_9, infiniplex_staircase_spiral_double
Depths:4: minmay_broken_ring, layout_gridville, hell_entry,
          abyss_entry_flame_altar, pan_entry
Depths:5: grunt_zot_entry_gee_three, layout_twisted_cross, enter_ziggurat_b,
          hell_entry, chequers_jeans, serial_bayou_shore_b
Zot:1:    lemuel_firehouse, layout_cathedral_of_symmetry
Zot:2:    layout_basic
Zot:3:    gammafunk_dig_for_victory, layout_misc_corridors,
          gammafunk_ghost_berserking_beasts, grunt_megastairs_4
Zot:4:    layout_misc_corridors
Zot:5:    layout_misc_corridors

Skill      XL: |  1  2  3  4  5  6  7  8  9 10 11 12 13 14 15 16 17 18 19 20 21 22 23 24 25 26 27 |
---------------+----------------------------------------------------------------------------------+-----
Dodging        | 3 4 5 7 9 11 13 14 15 16 17 18 27 | 27.0
Conjurations   | 1 2 3 5 6 |  6.7
Poison Magic   | 3 4 5 6 7 |  7.0
Unarmed Combat | 1 3 7 11 12 13 15 17 19 20 21 22 23 24 | 24.0
Air Magic      | 1 2 3 |  3.0
Fighting       | 1 2 3 4 5 7 6 8 9 10 11 13 14 15 16 17 19 22 24 27 | 27.0
Spellcasting   | 3 4 5 6 8 9 10 12 13 14 15 | 15.5
Translocations | 1 2 10 14 15 18 21 | 21.0
Fire Magic     | 1 2 4 |  4.0
Invocations    | 2 3 4 6 9 10 11 12 13 19 | 19.3
Stealth        | 5 6 |  6.8
Evocations     | 3 7 9 10 15 | 15.6
Hexes          | 5 4 6 7 |  7.1
Summonings     | 1 4 6 8 9 10 | 10.4
Earth Magic    | 1 3 6 8 9 10 | 10.0
Necromancy     | 1 4 3 5 |  5.0
Charms         | 1 5 6 |  6.5
Transmutations | 5 7 9 10 11 | 11.0

Action                   |  1- 3 |  4- 6 |  7- 9 | 10-12 | 13-15 | 16-18 | 19-21 | 22-24 | 25-27 || total
-------------------------+-------+-------+-------+-------+-------+-------+-------+-------+-------++-------
Melee: Unarmed           |    61 |   140 |   295 |   423 |  1293 |  1362 |   991 |   781 |  2654 ||  8000
       Bite              |     3 |    11 |    23 |    59 |   136 |   136 |    69 |    58 |   200 ||   695
       Headbutt          |       |     5 |    36 |    96 |   271 |   237 |   111 |   120 |   392 ||  1268
       Punch             |       |       |     2 |    23 |    96 |   133 |    57 |    54 |   183 ||   548
 Cast: Sting             |    10 |     5 |       |     3 |       |       |       |       |       ||    18
       Poisonous Vapours |    13 |   106 |   161 |   273 |   552 |   380 |    40 |     9 |       ||  1534
       Olgreb's Toxic Ra |       |       |     5 |    70 |   280 |   251 |    74 |    15 |     8 ||   703
       Conjure Flame     |       |       |       |    32 |    38 |    24 |     6 |       |       ||   100
       Magic Dart        |       |       |       |     8 |    86 |       |       |       |       ||    94
       Mephitic Cloud    |       |       |       |     1 |       |     1 |       |       |       ||     2
       Stone Arrow       |       |       |       |       |   107 |    49 |     9 |       |       ||   165
       Song of Slaying   |       |       |       |       |     2 |     4 |    39 |    51 |   187 ||   283
       Summon Mana Viper |       |       |       |       |     1 |     3 |     1 |     1 |     7 ||    13
       Regeneration      |       |       |       |       |       |    29 |    61 |    44 |   102 ||   236
       Statue Form       |       |       |       |       |       |    27 |    81 |    64 |   175 ||   347
       Summon Lightning  |       |       |       |       |       |       |    36 |    33 |    10 ||    79
       Malign Gateway    |       |       |       |       |       |       |       |    10 |    23 ||    33
       Passwall          |       |       |       |       |       |       |       |       |     8 ||     8
       Disjunction       |       |       |       |       |       |       |       |       |     1 ||     1
 Abil: Evoke Flight      |       |       |       |       |     1 |       |       |       |       ||     1
       Evoke Invisibilit |       |       |       |       |     1 |       |       |       |       ||     1
       End Transformatio |       |       |       |       |       |       |       |     1 |     3 ||     4
Evoke: Wand              |       |       |     6 |    26 |    19 |     4 |       |     1 |     8 ||    64
       Box of beasts     |       |       |       |       |       |     1 |       |       |     6 ||     7
       Sack of spiders   |       |       |       |       |       |       |       |       |     2 ||     2
       Phantom mirror    |       |       |       |       |       |       |       |       |     1 ||     1
  Use: Scroll            |       |    10 |     5 |    11 |    13 |    10 |    13 |    11 |     8 ||    81
       Potion            |       |     1 |     4 |     3 |     4 |     7 |     1 |     6 |    10 ||    36
 Stab: Sleeping          |     7 |     7 |     2 |     4 |    43 |    56 |    12 |    13 |    10 ||   154
       Distracted        |       |     1 |     1 |     1 |     1 |     5 |    14 |    10 |    15 ||    48
       Invisible         |       |       |       |     5 |       |       |       |       |     2 ||     7
       Paralysed         |       |       |       |       |    34 |    99 |    90 |    76 |   207 ||   506
       Petrified         |       |       |       |       |     1 |       |       |       |       ||     1
  Eat: Chunk             |    10 |    15 |    16 |    38 |    80 |    67 |    32 |    41 |    89 ||   388
       Ration            |       |       |       |       |       |       |    10 |       |     1 ||    11
Armor: Skin              |     4 |     8 |    12 |     5 |    28 |    61 |   207 |   136 |   370 ||   831
Dodge: Dodged            |    67 |   106 |   216 |   269 |  1199 |  1288 |  1132 |   735 |  2867 ||  7879
Block: Other             |       |     4 |   100 |    94 |   414 |   308 |   258 |   168 |   540 ||  1886
       Reflection        |       |       |     3 |     2 |    20 |       |       |       |       ||    25

Table legend:
 A = Non-vault XP
 B = Vault XP
 C = Vault XP percentage of total XP
 D = Non-vault monster count
 E = Vault monster count
 F = Vault count percentage of total count
                 A         B        C        D         E       F
            +---------+---------+-------+---------+---------+-------
      Total | 1607251 |  861892 |  34.9 |    3093 |     997 |  24.4
            +---------+---------+-------+---------+---------+-------
        D:1 |      30 |       0 |   0.0 |      17 |       0 |   0.0
        D:2 |      21 |      36 |  63.2 |       4 |       1 |  20.0
        D:3 |      80 |      48 |  37.5 |      31 |      15 |  32.6
        D:4 |     533 |      35 |   6.2 |      28 |      11 |  28.2
        D:5 |     449 |      32 |   6.7 |      29 |       1 |   3.3
        D:6 |     447 |       0 |   0.0 |      13 |       0 |   0.0
        D:7 |    1381 |       0 |   0.0 |      30 |       0 |   0.0
        D:8 |    1533 |    3559 |  69.9 |      21 |      10 |  32.3
        D:9 |    1061 |     749 |  41.4 |      15 |       3 |  16.7
       D:10 |    3082 |    2304 |  42.8 |      30 |       3 |   9.1
       D:11 |    4099 |    3500 |  46.1 |      26 |      15 |  36.6
       D:12 |    4532 |       0 |   0.0 |      29 |       0 |   0.0
       D:13 |    9668 |       0 |   0.0 |      47 |       0 |   0.0
       D:14 |   13880 |    2457 |  15.0 |      42 |       3 |   6.7
       D:15 |   16871 |    7288 |  30.2 |      43 |       9 |  17.3
     Lair:1 |    1781 |    1086 |  37.9 |      11 |       5 |  31.2
     Lair:2 |    1061 |    3136 |  74.7 |       6 |      11 |  64.7
     Lair:3 |    3970 |     495 |  11.1 |      14 |       2 |  12.5
     Lair:4 |    8525 |    1275 |  13.0 |      27 |       3 |  10.0
     Lair:5 |    9775 |     899 |   8.4 |      29 |       4 |  12.1
     Lair:6 |   12530 |   27125 |  68.4 |      47 |     115 |  71.0
    Swamp:1 |   12967 |       0 |   0.0 |      34 |       0 |   0.0
    Swamp:2 |   18003 |       0 |   0.0 |      43 |       0 |   0.0
    Swamp:3 |   14082 |       0 |   0.0 |      32 |       0 |   0.0
    Swamp:4 |   17686 |   17008 |  49.0 |      24 |      25 |  51.0
   Spider:1 |   16802 |    3325 |  16.5 |      52 |       5 |   8.8
   Spider:2 |    4559 |    1694 |  27.1 |      15 |       4 |  21.1
   Spider:3 |   12916 |    2511 |  16.3 |      36 |       4 |  10.0
   Spider:4 |   11524 |   25613 |  69.0 |      37 |      47 |  56.0
      Orc:1 |    8233 |    2499 |  23.3 |      31 |       2 |   6.1
      Orc:2 |    3426 |    6206 |  64.4 |      41 |      70 |  63.1
      Elf:1 |   11700 |       0 |   0.0 |      22 |       0 |   0.0
      Elf:2 |   16555 |    6603 |  28.5 |      29 |      11 |  27.5
      Elf:3 |   16824 |   42746 |  71.8 |      32 |      31 |  49.2
   Vaults:1 |   39014 |   12847 |  24.8 |      74 |      30 |  28.8
   Vaults:2 |   51774 |   42315 |  45.0 |      85 |      44 |  34.1
   Vaults:3 |   40847 |   12119 |  22.9 |      66 |      21 |  24.1
   Vaults:4 |   11358 |   51528 |  81.9 |      15 |      48 |  76.2
   Vaults:5 |   28731 |  122549 |  81.0 |      44 |      98 |  69.0
    Crypt:1 |   29790 |    3161 |   9.6 |      60 |       7 |  10.4
    Crypt:2 |   43266 |       0 |   0.0 |      55 |       0 |   0.0
    Crypt:3 |   45390 |   63430 |  58.3 |      46 |      88 |  65.7
   Depths:1 |   36025 |    9979 |  21.7 |      58 |      10 |  14.7
   Depths:2 |   12382 |    7144 |  36.6 |      21 |       6 |  22.2
   Depths:3 |   36212 |   32533 |  47.3 |      39 |      20 |  33.9
   Depths:4 |   25651 |   23874 |  48.2 |      31 |      11 |  26.2
   Depths:5 |   56603 |   26609 |  32.0 |      45 |      17 |  27.4
      Zot:1 |   21915 |   19803 |  47.5 |      13 |      29 |  69.0
      Zot:2 |   74193 |       0 |   0.0 |      45 |       0 |   0.0
      Zot:3 |   45790 |   59409 |  56.5 |      28 |      25 |  47.2
      Zot:4 |   35056 |       0 |   0.0 |      28 |       0 |   0.0
      Zot:5 |   60662 |  179497 |  74.7 |      37 |      44 |  54.3
    Abyss:1 |  389217 |     891 |   0.2 |     796 |       1 |   0.1
    Abyss:2 |  190469 |    3290 |   1.7 |     418 |       5 |   1.2
    Abyss:3 |   26529 |       0 |   0.0 |      47 |       0 |   0.0
    Abyss:4 |   36260 |       0 |   0.0 |      48 |       0 |   0.0
      Sewer |       0 |      30 | 100.0 |       0 |       5 | 100.0
     Bailey |       0 |    5330 | 100.0 |       0 |      10 | 100.0
      IceCv |       0 |   11765 | 100.0 |       0 |      52 | 100.0
    Volcano |       0 |    6833 | 100.0 |       0 |      11 | 100.0
     WizLab |    9531 |    4727 |  33.2 |      27 |       5 |  15.6
            +---------+---------+-------+---------+---------+-------
